[Event "Titled Tuesday Blitz June 20 Early 2023"]
[White "Amilal Munkhdalai"]
[Black "Pinheiro, Iung Alicio de O."]
[WhiteFideId "4903250"]
[BlackFideId "2104350"]
[WhiteElo "2293"]
[BlackElo "2283"]
[Result "1-0"]
[Round "9"]
[TimeControl "180+2"]
[Date "2023.06.20"]
[WhiteClock "0:00:30"]
[BlackClock "0:00:00"]
[Board "51"]

1. e4 e5 2. Nf3 Nc6 3. Bb5 a6 4. Ba4 d6 5. c3 Bd7 6. d4 Nge7 7. O-O Ng6 8. Nbd2 Be7 9. Re1 O-O 10. Nf1 b5 11. Bc2 exd4 12. cxd4 Bg4 13. Be3 Nb4 14. Bb1 c5 15. d5 Bf6 16. Bc1 a5 17. h3 Bxf3 18. Qxf3 c4 19. a3 Ne5 20. Qe2 Nbd3 21. Bxd3 Nxd3 22. Rd1 Bd4 23. Rxd3 cxd3 24. Qxd3 Qf6 25. Be3 Bxb2 26. Rb1 b4 27. a4 Rfc8 28. Ng3 g6 29. Ne2 Bc3 30. f4 Rab8 31. Rb3 Qe7 32. Kf2 Re8 33. Kf3 f5 34. exf5 gxf5 35. Nxc3 bxc3 36. Rxc3 Qe4+ 37. Qxe4 fxe4+ 38. Kg4 Rb4 39. Kf5 Rxa4 40. g4 Rb4 41. Rc6 Ra8 42. Rxd6 a4 43. Bc5 Rb3 44. Rc6 a3 45. d6 a2 46. d7 a1=Q 47. Rc8+ Kf7 48. d8=Q Rxc8 49. Qd7+ Kg8 50. Qxc8+ 1-0


[Site "https://www.chess.com"]

[Event "Titled Tuesday Blitz June 20 Early 2023"]
[White "Ovchinnikov, Vsevolod"]
[Black "Goryachkina, Aleksandra"]
[WhiteFideId "24176842"]
[BlackFideId "4147103"]
[WhiteElo "2376"]
[BlackElo "2471"]
[Result "1/2-1/2"]
[Round "9"]
[TimeControl "180+2"]
[Date "2023.06.20"]
[WhiteClock "0:01:38"]
[BlackClock "0:01:27"]
[Board "52"]

1. Nf3 d5 2. c4 e6 3. g3 Nf6 4. Bg2 dxc4 5. Qa4+ c6 6. Qxc4 b5 7. Qc2 Bb7 8. O-O Nbd7 9. b3 Be7 10. Bb2 c5 11. Nc3 a6 12. d3 O-O 13. Rac1 Rc8 14. Rfd1 Qb6 15. Qb1 h6 16. Rc2 Nb8 17. Rdc1 Nc6 18. Nd1 Nb4 19. Rd2 Rfd8 20. Ne3 Nbd5 21. Nf1 Nb4 22. Ne3 Nbd5 23. Nf1 Nb4 24. Ne3 1/2-1/2


[Site "https://www.chess.com"]

[Event "Titled Tuesday Blitz June 20 Early 2023"]
[White "Mekhane, Adam"]
[Black "Gritsenko, Nikolai"]
[WhiteFideId "36050601"]
[BlackFideId "14112493"]
[WhiteElo "2177"]
[BlackElo "2389"]
[Result "0-1"]
[Round "9"]
[TimeControl "180+2"]
[Date "2023.06.20"]
[WhiteClock "0:01:04"]
[BlackClock "0:00:33"]
[Board "53"]

1. e4 d5 2. exd5 Nf6 3. Nf3 Nxd5 4. d4 g6 5. Nbd2 Bg7 6. Ne5 O-O 7. Ndf3 Nd7 8. Nxd7 Bxd7 9. Bc4 Nb6 10. Bb3 Bg4 11. c3 Rc8 12. h3 Bf5 13. Bg5 h6 14. Bh4 c5 15. dxc5 Rxc5 16. O-O g5 17. Bg3 Nc4 18. Qc1 b5 19. Rd1 Qc8 20. Nd2 Nxb2 21. Qxb2 b4 22. Nf3 bxc3 23. Qc1 c2 24. Rd4 Rd8 25. Rxd8+ Qxd8 26. Qe3 Rc3 27. Qe1 Rxb3 28. Rc1 Rb1 29. Ne5 0-1


[Site "https://www.chess.com"]

[Event "Titled Tuesday Blitz June 20 Early 2023"]
[White "Begmuratov, Alisher"]
[Black "Subelj, Jan"]
[WhiteFideId "14203367"]
[BlackFideId "14618583"]
[WhiteElo "2387"]
[BlackElo "2499"]
[Result "1-0"]
[Round "9"]
[TimeControl "180+2"]
[Date "2023.06.20"]
[WhiteClock "0:00:22"]
[BlackClock "0:00:06"]
[Board "54"]

1. e4 c6 2. d4 d5 3. Nc3 dxe4 4. Nxe4 Nf6 5. Ng3 e5 6. Nf3 exd4 7. Nxd4 Bc5 8. c3 O-O 9. Be2 Bxd4 10. cxd4 h6 11. O-O Be6 12. Be3 Nbd7 13. Bd3 Nb6 14. Nf5 Bc4 15. Bxc4 Nxc4 16. Qf3 Kh7 17. Qh3 Nxe3 18. fxe3 Qd7 19. Qg3 Rg8 20. Rf3 Rae8 21. Raf1 Re6 22. Qh4 Re4 23. Qh3 Rge8 24. Nxh6 Qxh3 25. Rxh3 Rxe3 26. Nxf7+ Rxh3 27. Ng5+ Kg8 28. Nxh3 Re2 29. Rf2 Re1+ 30. Rf1 Re2 31. Rb1 Rd2 32. Ng5 Rxd4 33. Nf3 Re4 34. Rd1 Nd5 35. Re1 Rxe1+ 36. Nxe1 Kf7 37. Kf2 Kf6 38. Nd3 Kf5 39. Kf3 b6 40. g4+ Kf6 41. h4 c5 42. Ke4 Ne7 43. g5+ Ke6 44. Nf4+ Kd6 45. h5 Ng8 46. Kf5 Ne7+ 47. Ke4 Ng8 48. Ne2 Ke6 49. Ng3 Ne7 50. Ne2 Ng8 51. a4 a6 52. Nf4+ Kd6 53. Ng6 b5 54. axb5 axb5 55. Nh4 Ne7 56. Nf5+ Nxf5 57. Kxf5 c4 58. h6 b4 59. hxg7 c3 60. bxc3 b3 61. g8=Q b2 1-0


[Site "https://www.chess.com"]

[Event "Titled Tuesday Blitz June 20 Early 2023"]
[White "Krutko, Anatoly"]
[Black "Munkhgal, Gombosuren"]
[WhiteFideId "4185862"]
[BlackFideId "4901266"]
[WhiteElo "2378"]
[BlackElo "2528"]
[Result "0-1"]
[Round "9"]
[TimeControl "180+2"]
[Date "2023.06.20"]
[WhiteClock "0:00:02"]
[BlackClock "0:00:41"]
[Board "55"]

1. d4 Nf6 2. c4 g6 3. Nc3 Bg7 4. e4 O-O 5. Nge2 d6 6. Ng3 e5 7. d5 a5 8. h4 h5 9. Bg5 Qe8 10. Be2 Na6 11. Nf1 Nh7 12. Be3 b6 13. f3 Nc5 14. g4 f5 15. gxf5 gxf5 16. Qc2 f4 17. Bf2 a4 18. Nd2 Bd7 19. O-O-O Kh8 20. Rhg1 Bf6 21. Rg2 Qe7 22. Rh1 Rg8 23. Rxg8+ Rxg8 24. Qd1 Rg2 25. Qf1 Qg7 26. Nb5 Bxb5 27. cxb5 Nf8 28. Kb1 Nfd7 29. Qe1 Nf8 30. Bf1 Rg6 31. Bh3 Qe7 32. Bf5 Rg7 33. Bxc5 dxc5 34. Qe2 Rg3 35. Nf1 Rg7 36. Nd2 Ng6 37. Nc4 Nxh4 38. d6 cxd6 39. Qd3 Rg3 40. Nxd6 Rxf3 41. Qd5 Kg7 42. Qc6 Rd3 43. Ne8+ Kf7 44. Nxf6 Qxf6 45. Qxf6+ Kxf6 46. Rxh4 Kg5 47. Rh2 f3 48. Kc2 Rd4 49. Kc3 h4 50. Kc2 Rd8 51. Rh3 Kf4 52. Rxh4+ Ke3 53. Rh3 Rg8 54. b3 a3 55. Kc3 Ke2 56. Rh1 f2 57. Bh3 Rg3+ 58. Kc4 Rxh3 59. Rxh3 f1=Q 60. Rc3 Kd2+ 0-1


[Site "https://www.chess.com"]

[Event "Titled Tuesday Blitz June 20 Early 2023"]
[White "Zaragatski, Ilja"]
[Black "Ning, Kaiyu"]
[WhiteFideId "4655192"]
[BlackFideId "8614750"]
[WhiteElo "2460"]
[BlackElo "2287"]
[Result "0-1"]
[Round "9"]
[TimeControl "180+2"]
[Date "2023.06.20"]
[WhiteClock "0:00:11"]
[BlackClock "0:00:37"]
[Board "56"]

1. d4 Nf6 2. Nc3 d5 3. Bf4 a6 4. e3 c5 5. Nf3 Bg4 6. h3 Bxf3 7. Qxf3 Nc6 8. O-O-O e6 9. g4 Rc8 10. g5 cxd4 11. exd4 Nd7 12. Kb1 b5 13. h4 Qb6 14. Ne2 Na5 15. h5 Nc4 16. g6 hxg6 17. hxg6 Rxh1 18. gxf7+ Kxf7 19. Bc7+ Kg8 20. Bxb6 Rxf1 21. Nc1 Ndxb6 22. Qe2 Rxd1 23. Qxd1 Na4 24. Nd3 Na3+ 25. Ka1 Nxc2+ 26. Kb1 Nxd4 27. Qg4 Nf5 28. Nf4 Rc6 29. Nxd5 exd5 30. Qxf5 Rd6 31. f4 d4 32. Qd3 Nb6 33. Qb3+ Nc4 34. Kc2 d3+ 35. Kd1 d2 36. f5 Rd3 0-1


[Site "https://www.chess.com"]

[Event "Titled Tuesday Blitz June 20 Early 2023"]
[White "Asavasaetakul, Chawit"]
[Black "Agibileg, Uurtsaikh"]
[WhiteFideId "6204856"]
[BlackFideId "4901606"]
[WhiteElo "1919"]
[BlackElo "2353"]
[Result "1-0"]
[Round "9"]
[TimeControl "180+2"]
[Date "2023.06.20"]
[WhiteClock "0:01:03"]
[BlackClock "0:00:44"]
[Board "57"]

1. e4 c5 2. c3 e6 3. d4 cxd4 4. cxd4 Nf6 5. Nc3 Bb4 6. Bd3 d5 7. e5 Ne4 8. Qc2 Nc6 9. Nf3 O-O 10. O-O b6 11. Nxe4 dxe4 12. Bxe4 Bb7 13. Bxc6 Rc8 14. Qb3 Bxc6 15. Qxb4 Bxf3 16. gxf3 Qh4 17. Be3 f5 18. Kh1 Qh3 19. Rg1 Qxf3+ 20. Rg2 Rf7 21. Qd6 Re8 22. Rc1 f4 23. Bd2 h5 24. Qc6 Qd3 25. Qxe8+ 1-0


[Site "https://www.chess.com"]

[Event "Titled Tuesday Blitz June 20 Early 2023"]
[White "Koshulyan, Egor A."]
[Black "Turzo, Attila"]
[WhiteFideId "24237000"]
[BlackFideId "704954"]
[WhiteElo "2216"]
[BlackElo "2532"]
[Result "1/2-1/2"]
[Round "9"]
[TimeControl "180+2"]
[Date "2023.06.20"]
[WhiteClock "0:00:03"]
[BlackClock "0:00:21"]
[Board "58"]

1. e4 d6 2. d4 Nf6 3. Nc3 g6 4. f4 Bg7 5. Nf3 O-O 6. e5 dxe5 7. fxe5 Nd5 8. Bc4 Nb6 9. Bb3 Nc6 10. O-O Na5 11. Ne4 Nxb3 12. axb3 f6 13. Bf4 Nd5 14. Bd2 f5 15. Nc5 b6 16. Nd3 e6 17. c4 Ne7 18. Be3 Qd7 19. Qd2 Bb7 20. Rad1 Rad8 21. b4 a6 22. Kh1 Kh8 23. Ng5 h6 24. Nf3 g5 25. Bxg5 hxg5 26. Qxg5 Bxf3 27. Rxf3 Nc6 28. Nf4 Nxe5 29. Rh3+ Kg8 30. Re1 Ng4 31. Qh4 Qxd4 32. Qh7+ Kf7 33. Qg6+ Kg8 34. Qh7+ Kf7 35. Qg6+ Kg8 36. Qh7+ 1/2-1/2


[Site "https://www.chess.com"]

[Event "Titled Tuesday Blitz June 20 Early 2023"]
[White "Idani, Pouya"]
[Black "Omariev, Maksim"]
[WhiteFideId "12510130"]
[BlackFideId "4193423"]
[WhiteElo "2574"]
[BlackElo "2397"]
[Result "1-0"]
[Round "9"]
[TimeControl "180+2"]
[Date "2023.06.20"]
[WhiteClock "0:01:31"]
[BlackClock "0:00:04"]
[Board "59"]

1. e4 c5 2. Nf3 d6 3. d4 cxd4 4. Nxd4 Nf6 5. Nc3 a6 6. h3 e6 7. g4 Nfd7 8. g5 Be7 9. h4 b5 10. a3 Bb7 11. Be3 Nb6 12. Nxe6 fxe6 13. Qd4 Nc4 14. Bxc4 bxc4 15. Qxg7 Kd7 16. O-O-O Kc7 17. Na4 Nd7 18. Qd4 d5 19. exd5 Bxd5 20. Nb6 Nxb6 21. Qxb6+ Kd7 22. Qd4 Qc7 23. Rhe1 Qc6 24. Bd2 Kc7 25. Qg7 Rae8 26. Bb4 Qd7 27. Rxd5 Qxd5 28. Bxe7 Rhg8 29. Qf6 Rg6 30. Qf7 Qd7 31. Bd6+ Kc8 32. Qxd7+ Kxd7 33. Be5 Rf8 34. f4 Rf5 35. Re4 Kc6 36. Rxc4+ Kd5 37. Rd4+ Kc5 38. b4+ Kb5 39. Kb2 Rg8 40. Kb3 Rc8 41. c4+ Kb6 42. Rd6+ Kb7 43. Rxe6 Rf7 44. a4 Rd7 45. c5 Rd3+ 46. Kc4 Rh3 47. Rb6+ Ka7 48. b5 axb5+ 49. axb5 Rxh4 50. Ra6+ Kb7 51. c6+ Rxc6+ 52. Rxc6 h6 53. Rxh6 Rg4 54. Kc5 Rg1 55. Rh7+ Ka8 56. Kb6 Rh1 57. Ra7# 1-0


[Site "https://www.chess.com"]

[Event "Titled Tuesday Blitz June 20 Early 2023"]
[White "Avinash Ramesh"]
[Black "Topalov, Aleksandar"]
[WhiteFideId "45018340"]
[BlackFideId "925659"]
[WhiteElo "2300"]
[BlackElo "2151"]
[Result "1-0"]
[Round "9"]
[TimeControl "180+2"]
[Date "2023.06.20"]
[WhiteClock "0:01:08"]
[BlackClock "0:00:03"]
[Board "60"]

1. d4 Nf6 2. c4 c5 3. dxc5 Na6 4. Nf3 Nxc5 5. b3 g6 6. Bb2 Bg7 7. g3 O-O 8. Bg2 d6 9. O-O a5 10. Nc3 Bd7 11. Nd4 Qb6 12. Rb1 Rfc8 13. Ba1 Bc6 14. Nxc6 bxc6 15. Qd2 Qb4 16. Rfd1 Rab8 17. h3 a4 18. bxa4 Qxc4 19. Rxb8 Rxb8 20. Bxc6 h5 21. Qe3 Ne6 22. Bb5 Qc8 23. Ne4 Nxe4 24. Bxg7 Kxg7 25. Qxe4 Ng5 26. Qd4+ Kg8 27. h4 Ne6 28. Qe3 Qc7 29. Rc1 Nc5 30. Rc4 e6 31. g4 Qe7 32. gxh5 gxh5 33. Rxc5 dxc5 34. Qg3+ Kh7 35. Qxb8 Qxh4 36. Bd3+ f5 37. Qc7+ Kg6 38. Qg3+ Qxg3+ 39. fxg3 1-0


[Site "https://www.chess.com"]

[Event "Titled Tuesday Blitz June 20 Early 2023"]
[White "Marek, Matyas"]
[Black "chess123456s"]
[WhiteFideId "335398"]
[WhiteElo "2302"]
[BlackElo "2528"]
[Result "0-1"]
[Round "9"]
[TimeControl "180+2"]
[Date "2023.06.20"]
[WhiteClock "0:00:17"]
[BlackClock "0:00:20"]
[Board "61"]

1. Nf3 d5 2. g3 g6 3. Bg2 Bg7 4. O-O e5 5. d3 Nc6 6. Nbd2 Nge7 7. e4 dxe4 8. dxe4 O-O 9. Re1 Be6 10. c3 a5 11. Qc2 h6 12. Bf1 Qc8 13. Nc4 Rd8 14. a4 Bg4 15. Be2 Be6 16. Be3 b6 17. b3 Qb7 18. Rad1 g5 19. Nfd2 Ng6 20. Nf1 Nce7 21. Rxd8+ Rxd8 22. Rd1 Rxd1 23. Qxd1 Qxe4 24. Qd8+ Kh7 25. Nfd2 Qc6 26. Bf3 Qd7 27. Qxd7 Bxd7 28. Bd1 f5 29. f3 Be6 30. Bf2 Nd5 31. Nb1 e4 32. fxe4 fxe4 33. Bc2 Bf5 34. Ne3 Nxe3 35. Bxe3 Ne5 36. Kg2 Bg6 37. h3 Nf3 38. g4 Ne1+ 0-1


[Site "https://www.chess.com"]

[Event "Titled Tuesday Blitz June 20 Early 2023"]
[White "Nagare Kaivalya Sandip"]
[Black "Rodchenkov, Sergey D."]
[WhiteFideId "25957929"]
[BlackFideId "4168712"]
[WhiteElo "2024"]
[BlackElo "2277"]
[Result "0-1"]
[Round "9"]
[TimeControl "180+2"]
[Date "2023.06.20"]
[WhiteClock "0:00:13"]
[BlackClock "0:00:19"]
[Board "62"]

1. e4 c5 2. Nf3 d6 3. d4 cxd4 4. Nxd4 Nf6 5. Nc3 a6 6. Bg5 e6 7. f4 h6 8. Bh4 Qb6 9. a3 Be7 10. Bf2 Qc7 11. Qf3 Nbd7 12. O-O-O b5 13. g4 Bb7 14. h4 Nc5 15. Bd3 d5 16. e5 Nfe4 17. Bxe4 Nxe4 18. Nxe4 dxe4 19. Qe3 Rc8 20. Kb1 Bd5 21. Rd2 b4 22. a4 Qa5 23. Rhd1 Qxa4 24. Nb3 O-O 25. Rxd5 exd5 26. Rxd5 Rc4 27. f5 Rfc8 28. f6 Bf8 29. fxg7 Bxg7 30. g5 h5 31. g6 fxg6 32. Rd6 R4c6 33. Qxe4 Rxc2 34. Qd5+ Kh7 35. Rxg6 Rxf2 36. Rg1 Rcc2 37. Qd3+ Kh8 38. Qd8+ Bf8 39. Qd5 Rxb2+ 40. Kc1 Rbc2+ 41. Kd1 Rcd2+ 42. Qxd2 Qxb3+ 43. Ke1 Rxd2 44. Kxd2 Qc3+ 45. Ke2 Qxe5+ 46. Kf3 Qf5+ 47. Kg2 Qg4+ 48. Kf2 Bc5+ 49. Ke1 Qxg1+ 50. Kd2 Qd4+ 51. Kc2 Qc3+ 52. Kb1 Qb3+ 53. Kc1 Be3# 0-1


[Site "https://www.chess.com"]

[Event "Titled Tuesday Blitz June 20 Early 2023"]
[White "Shapiro, Viktor"]
[Black "Weishaeutel, Moritz"]
[WhiteFideId "4175700"]
[BlackFideId "12967300"]
[WhiteElo "2212"]
[BlackElo "2301"]
[Result "1-0"]
[Round "9"]
[TimeControl "180+2"]
[Date "2023.06.20"]
[WhiteClock "0:00:32"]
[BlackClock "0:00:00"]
[Board "63"]

1. c4 Nf6 2. Nc3 e6 3. Nf3 d5 4. d4 Be7 5. Bg5 O-O 6. e3 Nbd7 7. Qc2 b6 8. cxd5 exd5 9. Bd3 c5 10. O-O h6 11. Bh4 Bb7 12. Rfd1 Rc8 13. Qa4 a6 14. Bxa6 Ra8 15. Bxb7 Rxa4 16. Nxa4 c4 17. Nc3 g5 18. Bg3 Nb8 19. Bxb8 Qxb8 20. Bxd5 b5 21. a3 Rc8 22. Ne5 Bd6 23. Bxf7+ Kg7 24. Be6 Re8 25. Bf5 Bxe5 26. dxe5 Qxe5 27. Bc2 Ng4 28. g3 Rf8 29. Rd2 h5 30. Rf1 h4 31. Rd5 Qe7 32. Ne4 Ne5 33. f4 hxg3 34. hxg3 gxf4 35. gxf4 Nf7 36. Kf2 Qh4+ 37. Ke2 Qh2+ 38. Rf2 Qh5+ 39. Rxh5 1-0


[Site "https://www.chess.com"]

[Event "Titled Tuesday Blitz June 20 Early 2023"]
[White "Druska, Juraj"]
[Black "Bruedigam, Martin"]
[WhiteFideId "14915650"]
[BlackFideId "24608033"]
[WhiteElo "2415"]
[BlackElo "2331"]
[Result "1/2-1/2"]
[Round "9"]
[TimeControl "180+2"]
[Date "2023.06.20"]
[WhiteClock "0:00:05"]
[BlackClock "0:00:11"]
[Board "64"]

1. c4 e5 2. Nc3 Bb4 3. Nd5 Be7 4. g3 Nf6 5. Nxe7 Qxe7 6. Bg2 O-O 7. Nf3 c6 8. O-O d5 9. d3 h6 10. b3 Bg4 11. h3 Bh5 12. Bb2 d4 13. a4 a5 14. Nd2 c5 15. g4 Bg6 16. f3 Ra6 17. Ne4 Nc6 18. Bc1 Rb6 19. Bd2 Nd7 20. Rb1 f6 21. Qe1 Ra6 22. Qg3 Bxe4 23. fxe4 g5 24. h4 Kg7 25. Kf2 Nd8 26. Rh1 Ne6 27. Rh2 Rh8 28. Rbh1 Nf4 29. hxg5 fxg5 30. Rb1 b6 31. Rbh1 Raa8 32. Ke1 Raf8 33. Kd1 Rf6 34. Kc2 Nf8 35. Bf3 N8g6 36. Bc1 Nh4 37. Rxh4 gxh4 38. Rxh4 Rg6 39. Qh2 Qf6 40. Bd2 Rf8 41. Be1 Ne6 42. Bg3 Nf4 43. Qh1 Kf7 44. Rh2 Ke8 45. Bh4 Qg7 46. Be1 Kd7 47. Rh4 Kc7 48. Rh2 Kb7 49. Qf1 Ka6 50. Qf2 Rgf6 51. Qh4 Ne6 52. Bd2 Ng5 53. Rf2 Nxf3 54. Rxf3 Rxf3 55. Bxh6 Qh8 56. exf3 Rxf3 57. g5 Qh7 58. Qg4 Qf7 59. Qc8+ Ka7 60. g6 Rf2+ 61. Bd2 Qxg6 62. Qc7+ Ka6 63. Qc8+ Ka7 64. Qc7+ Ka6 65. Qc8+ Ka7 1/2-1/2


[Site "https://www.chess.com"]

[Event "Titled Tuesday Blitz June 20 Early 2023"]
[White "Haug, Havard"]
[Black "Horak, Martin"]
[WhiteFideId "1547887"]
[BlackFideId "367095"]
[WhiteElo "2396"]
[BlackElo "2091"]
[Result "1-0"]
[Round "9"]
[TimeControl "180+2"]
[Date "2023.06.20"]
[WhiteClock "0:01:25"]
[BlackClock "0:00:04"]
[Board "65"]

1. e4 c5 2. c3 d5 3. exd5 Qxd5 4. d4 g6 5. Nf3 Bg7 6. Nbd2 cxd4 7. Bc4 Qd8 8. Nxd4 Nf6 9. N2f3 O-O 10. O-O b6 11. Qe2 Bb7 12. Bf4 Nc6 13. Rad1 Nxd4 14. Rxd4 Qc8 15. Qxe7 Bxf3 16. gxf3 Qh3 17. Bg3 Nh5 18. Rh4 Qf5 19. Qe4 Qc5 20. Re1 Rad8 21. Bb3 Rd2 22. Re2 Rxe2 23. Qxe2 Rd8 24. Re4 Nf6 25. Re7 Rf8 26. Rxa7 Nh5 27. Rxf7 Rxf7 28. Qe8+ Bf8 29. Qxf7+ Kh8 30. Qg8# 1-0


[Site "https://www.chess.com"]

[Event "Titled Tuesday Blitz June 20 Early 2023"]
[White "Korchmar, Vasiliy"]
[Black "Vyatkin, Dmitry"]
[WhiteFideId "24131750"]
[BlackFideId "4171900"]
[WhiteElo "2370"]
[BlackElo "2279"]
[Result "1-0"]
[Round "9"]
[TimeControl "180+2"]
[Date "2023.06.20"]
[WhiteClock "0:00:24"]
[BlackClock "0:00:05"]
[Board "66"]

1. e4 e6 2. d4 d5 3. e5 c5 4. c3 Nc6 5. Nf3 Bd7 6. Be2 f6 7. O-O fxe5 8. dxe5 Qc7 9. c4 d4 10. Bf4 Nge7 11. Nbd2 Ng6 12. Bg3 Be7 13. Ne4 O-O 14. Bd3 Nf4 15. Neg5 g6 16. h4 Kg7 17. Re1 h6 18. Ne4 Nxe5 19. Nxe5 Qxe5 20. Qg4 Qf5 21. Qf3 Bc6 22. Kh2 g5 23. Bxf4 Qxf4+ 24. Qxf4 Rxf4 25. hxg5 hxg5 26. Ng3 Rh8+ 27. Kg1 Kf7 28. Be4 Bxe4 29. Nxe4 g4 30. Rad1 Rf5 31. b4 b6 32. bxc5 bxc5 33. Rb1 Rfh5 34. Ng3 R5h6 35. Rb7 Kf6 36. Rxa7 Bd6 37. Ra6 Bxg3 38. Rexe6+ Kg5 39. Rxh6 Rxh6 40. Rxh6 d3 41. fxg3 Kxh6 42. Kf2 Kg5 43. Ke3 Kf5 44. Kxd3 1-0


[Site "https://www.chess.com"]

[Event "Titled Tuesday Blitz June 20 Early 2023"]
[White "Bauman_Guy"]
[Black "Womacka, Mathias"]
[BlackFideId "4611390"]
[WhiteElo "2632"]
[BlackElo "2377"]
[Result "1-0"]
[Round "9"]
[TimeControl "180+2"]
[Date "2023.06.20"]
[WhiteClock "0:01:22"]
[BlackClock "0:00:01"]
[Board "67"]

1. e4 c5 2. Nf3 d6 3. Bb5+ Nd7 4. O-O a6 5. Bd3 Ngf6 6. Re1 b5 7. c3 Bb7 8. Bc2 Qc7 9. d4 cxd4 10. cxd4 Rc8 11. Bd3 Bxe4 12. Nc3 Bxd3 13. Qxd3 d5 14. a4 b4 15. Ne2 Qb7 16. Bf4 e6 17. Rac1 Be7 18. Rxc8+ Qxc8 19. Rc1 Qa8 20. Rc7 O-O 21. Ne5 Rc8 22. Nxd7 Rxc7 23. Nxf6+ Bxf6 24. Bxc7 Qc6 25. Be5 Qxa4 26. Qb1 Bg5 27. b3 Qc6 28. g3 f6 29. Bf4 Bxf4 30. Nxf4 g5 31. Ne2 Qb5 32. Qc2 a5 33. Nc1 Kg7 34. Nd3 h5 35. Nc5 Qc6 36. Qd3 e5 37. Qf5 exd4 38. Ne6+ Kf7 39. Nd8+ 1-0


[Site "https://www.chess.com"]

[Event "Titled Tuesday Blitz June 20 Early 2023"]
[White "Moskvin, Anatoly"]
[Black "Eugene, Floryan"]
[WhiteFideId "24199990"]
[BlackFideId "20694784"]
[WhiteElo "2104"]
[BlackElo "2369"]
[Result "0-1"]
[Round "9"]
[TimeControl "180+2"]
[Date "2023.06.20"]
[WhiteClock "0:00:06"]
[BlackClock "0:00:09"]
[Board "68"]

1. e4 c5 2. Nf3 Nc6 3. Bb5 g6 4. O-O Bg7 5. Re1 e5 6. c3 Nge7 7. d3 O-O 8. Be3 d6 9. a4 f5 10. Ng5 f4 11. Bc4+ Kh8 12. Bc1 Qe8 13. Na3 Ng8 14. Nb5 Qe7 15. Nf3 a6 16. Na3 g5 17. Bd5 g4 18. Nd2 Qh4 19. Nf1 f3 20. Nc4 fxg2 21. Ng3 Rf6 22. Ne3 Nge7 23. Nxg2 Qh3 24. Bg5 Rg6 25. Qd2 Bd7 26. Ne3 Rf8 27. Nef5 Nxf5 28. exf5 Bxf5 29. Nxf5 Rxf5 30. Be3 e4 31. Bxe4 Ne5 32. Bg2 Nf3+ 33. Kf1 Nxd2+ 34. Bxd2 Qxd3+ 0-1


[Site "https://www.chess.com"]

[Event "Titled Tuesday Blitz June 20 Early 2023"]
[White "DanyKopy"]
[Black "Shukhman, Anna"]
[BlackFideId "54180058"]
[WhiteElo "2470"]
[BlackElo "2235"]
[Result "0-1"]
[Round "9"]
[TimeControl "180+2"]
[Date "2023.06.20"]
[WhiteClock "0:00:02"]
[BlackClock "0:01:42"]
[Board "69"]

1. e4 c5 2. Nf3 a6 3. g3 b5 4. Bg2 Bb7 5. d3 Nc6 6. O-O g6 7. Re1 Bg7 8. a4 d6 9. Na3 b4 10. Nc4 f6 11. a5 Nh6 12. d4 cxd4 13. Nxd4 Nxd4 14. Qxd4 O-O 15. Nb6 Rb8 16. Qxb4 Nf7 17. c3 Ne5 18. h3 f5 19. f4 Nc6 20. Qc4+ Kh8 21. exf5 Nxa5 22. Qb4 Bxg2 23. Qxa5 Bxh3 24. Nd5 Qd7 25. Nxe7 Qa7+ 26. Re3 Rxb2 27. Qxa6 Qc5 28. Qd3 Rg2+ 29. Kh1 gxf5 30. Ba3 Qb6 31. Bxd6 Qb2 32. Rb1 Rh2+ 33. Kg1 Qg2# 0-1


[Site "https://www.chess.com"]

[Event "Titled Tuesday Blitz June 20 Early 2023"]
[White "Jovic, Stanoje"]
[Black "Aldokhin, Ivan"]
[WhiteFideId "905020"]
[BlackFideId "24115720"]
[WhiteElo "2236"]
[BlackElo "2322"]
[Result "1-0"]
[Round "9"]
[TimeControl "180+2"]
[Date "2023.06.20"]
[WhiteClock "0:00:07"]
[BlackClock "0:00:00"]
[Board "70"]

1. c4 Nf6 2. g3 g6 3. Bg2 Bg7 4. Nc3 O-O 5. Nf3 d6 6. O-O Nc6 7. d3 e6 8. e4 d5 9. e5 Nd7 10. cxd5 exd5 11. d4 Nb6 12. Bg5 f6 13. exf6 Bxf6 14. Bh6 Rf7 15. h3 Bf5 16. Re1 Qd7 17. g4 Be6 18. Ne5 Nxe5 19. dxe5 Bg7 20. Bxg7 Kxg7 21. a4 a5 22. b3 Raf8 23. Ra2 Qe7 24. Qd4 Rf4 25. Qd1 Qc5 26. Re3 Rxf2 27. Rxf2 Qxe3 28. Qd2 Qxe5 29. Rxf8 Kxf8 30. Nb5 Qa1+ 31. Bf1 Qe5 32. Qxa5 Qe3+ 33. Kg2 Qe4+ 34. Kf2 Qf4+ 35. Ke1 d4 36. Qb4+ Kf7 37. Qxd4 Qc1+ 38. Kf2 Qc2+ 39. Be2 Bxb3 40. Qf4+ Ke7 41. Nxc7 Qc5+ 42. Kg3 Bxa4 43. Bf3 Qd6 44. Bxb7 Qxf4+ 45. Kxf4 Kd6 46. Na6 Bb5 47. Nb4 Bf1 48. h4 Kc5 49. Nc2 Kd6 50. Ne3 Bc4 51. Be4 Ke7 52. g5 Bg8 53. Ng4 Nd7 54. Bc6 Nc5 55. Nf6 Ne6+ 56. Ke5 Bf7 57. Nxh7 Nd8 58. Be4 Be8 59. Nf6 Bf7 60. Ng4 Ne6 61. Nf2 Nc5 62. Nd3 Nd7+ 63. Kf4 Kd6 64. Bf3 Ke7 65. Nf2 Nc5 66. Ne4 Nd3+ 67. Ke3 Ne5 68. Ng3 Nc4+ 69. Kd4 Nd2 70. Be4 Nb3+ 71. Ke5 Nc5 72. Ne2 Nd7+ 73. Kd4 Kd6 74. Nf4 Ne5 75. Bg2 Ng4 76. Kd3 Ne5+ 77. Ke3 Ng4+ 78. Kf3 Ne5+ 79. Kg3 Nc4 80. Be4 Nd2 81. Bxg6 Bc4 82. h5 Ke7 83. h6 Kf8 84. Nh5 Ba2 85. h7 1-0


[Site "https://www.chess.com"]

[Event "Titled Tuesday Blitz June 20 Early 2023"]
[White "MKlose11"]
[Black "Titichoca Daza, Daniel"]
[BlackFideId "3309550"]
[WhiteElo "2577"]
[BlackElo "2101"]
[Result "1-0"]
[Round "9"]
[TimeControl "180+2"]
[Date "2023.06.20"]
[WhiteClock "0:00:58"]
[BlackClock "0:00:09"]
[Board "71"]

1. e4 c5 2. Nc3 Nc6 3. g3 g6 4. Bg2 Bg7 5. d3 h5 6. h3 d6 7. Be3 e5 8. Qd2 Nge7 9. Nge2 Be6 10. O-O O-O 11. f4 exf4 12. Nxf4 Nd4 13. Nxe6 Nxe6 14. Bh6 Rb8 15. Bxg7 Kxg7 16. Rf2 b5 17. Raf1 b4 18. Nd1 Nc6 19. Ne3 Ne5 20. c3 bxc3 21. bxc3 h4 22. g4 Qa5 23. Nd5 Rb7 24. Qe3 Rfb8 25. d4 cxd4 26. cxd4 Nc6 27. e5 dxe5 28. dxe5 Qc5 29. Qf3 Rf8 30. Qf6+ Kg8 31. Qxh4 Kg7 32. Qf6+ Kg8 33. Kh1 Qd4 34. Nf4 Nxe5 35. Nxe6 fxe6 36. Qxf8+ Kh7 37. Bxb7 1-0


[Site "https://www.chess.com"]

[Event "Titled Tuesday Blitz June 20 Early 2023"]
[White "Skliarov, Viktor"]
[Black "Begunov, Konstantin"]
[WhiteFideId "14106736"]
[BlackFideId "4118510"]
[WhiteElo "2317"]
[BlackElo "1993"]
[Result "1-0"]
[Round "9"]
[TimeControl "180+2"]
[Date "2023.06.20"]
[WhiteClock "0:00:03"]
[BlackClock "0:00:00"]
[Board "72"]

1. e4 c5 2. Nf3 d6 3. d4 cxd4 4. Qxd4 a6 5. Be3 Nc6 6. Qd2 Nf6 7. Nc3 Bg4 8. O-O-O e6 9. h3 Bxf3 10. gxf3 Be7 11. Rg1 O-O 12. f4 Qa5 13. Kb1 Kh8 14. f3 b5 15. Bd3 Nb4 16. Qg2 Rg8 17. Qf2 Nxd3 18. Rxd3 b4 19. Ne2 Rac8 20. Nd4 d5 21. e5 Nd7 22. Nb3 Qc7 23. Bd4 Nc5 24. Nxc5 Bxc5 25. Rg2 Bxd4 26. Qxd4 Qc4 27. b3 Qxd4 28. Rxd4 a5 29. f5 Rc3 30. Rf4 g6 31. fxe6 fxe6 32. Rf6 Re8 33. h4 Re3 34. f4 Rh3 35. Rg4 Kg7 36. Kb2 Rh2 37. f5 Rc8 38. fxg6 Rcxc2+ 39. Kb1 Rcg2 40. Rxg2 Rxg2 41. gxh7 Kxh7 42. Rxe6 1-0


[Site "https://www.chess.com"]